 Dungeon Crawl Stone Soup version 0.20.1-1-g8b1a95d (webtiles) character file.

2423 Rozenbaumfricks the Slasher (level 9, -29/68 HPs)
             Began as a Demonspawn Fighter on Oct 7, 2017.
             Killed from afar by a steam dragon (31 damage)
             ... with a ball of steam
             ... on level 8 of the Dungeon.
             The game lasted 00:18:08 (5745 turns).

Rozenbaumfricks the Slasher (Demonspawn Fighter)    Turns: 5745, Time: 00:18:09

Health: -29/68     AC: -2    Str: 21    XL:     9   Next: 24%
Magic:  0/9        EV: 10    Int:  9    God:
Gold:   358        SH: 11    Dex: 17    Spells: 8/8 levels left

rFire    x . .     SeeInvis .   a - +0 long sword
rCold    + . .     Gourm    .   c - +0 shield
rNeg     . . .     Faith    .   b - +0 scale mail
rPois    .         Spirit   +   h - +0 helmet
rElec    .         Reflect  .   y - +0 cloak
rCorr    .         Harm     .   (gloves unavailable)
MR       .....                  (no boots)
Stlth    ..........             g - amulet of regeneration
Regen    0.7/turn               w - +5 ring of dexterity
MPRegen  0.3/turn               G - ring of ice

@: corroded
A: claws 3, magic shield, magic regeneration
a: no special abilities


You were on level 8 of the Dungeon.
You were not hungry.

You visited 2 branches of the dungeon, and saw 9 of its levels.

You collected 358 gold pieces.

Inventory:

Hand Weapons
 a - a +0 long sword (weapon)
Armour
 b - a +0 scale mail (worn)
 c - a +0 shield (worn)
 h - a +0 helmet (worn)
 y - a +0 cloak (worn)
Jewellery
 g - an amulet of regeneration (around neck)
 w - a +5 ring of dexterity (left claw)
 A - an uncursed ring of flight
 G - a ring of ice (right claw)
Wands
 C - a wand of polymorph (3/24)
Scrolls
 d - a scroll of recharging
 i - 4 scrolls of remove curse
 j - a scroll of fog {unknown}
 k - 3 scrolls of enchant weapon {unknown}
 m - 2 scrolls of magic mapping
 s - 5 scrolls of teleportation
 x - 3 scrolls of enchant armour {unknown}
 D - a scroll of amnesia {unknown}
 E - a scroll of vulnerability {unknown}
Potions
 e - 9 potions of curing
 o - a potion of lignification
 p - 2 potions of flight {unknown}
 q - a potion of agility
 r - a potion of heal wounds
 u - a potion of berserk rage
 v - 2 potions of haste
 z - a potion of magic {unknown}
 B - a potion of brilliance {unknown}
Comestibles
 f - 2 bread rations
 l - 3 royal jellies
 n - 2 fruits
 t - 3 meat rations
 F - 6 chunks of flesh


   Skills:
 + Level 5.6 Fighting
 + Level 7.2 Long Blades
 + Level 5.3 Armour
 + Level 3.1 Dodging
 + Level 6.0 Shields


You had 8 spell levels left.
You didn't know any spells.

Dungeon Overview and Level Annotations

Branches:
Dungeon (8/15)             Temple (1/1) D:6
   Lair: D:8-11

Altars:
Ashenzari
Cheibriados
Dithmenos
Elyvilon
Fedhas
Gozag
Hepliaklqana
Kikubaaqudgha
Makhleb
Nemelex Xobeh
Okawaru
Qazlal
Ru
Sif Muna
Trog
Uskayaw
Vehumet
Xom
Yredelemnul
Zin
The Shining One

Shops:
D:7 (

Annotations:
D:6 Phantomfrettchen's ghost, novice TrTm


Innate Abilities, Weirdness & Mutations

You have claws for hands.
When hurt, damage is shared between your health and your magic reserves.
You regenerate magic rapidly.


Message History

The steam dragon is lightly wounded.
The steam dragon bites you! The steam dragon closely misses you.
You hit the steam dragon but do no damage.
The steam dragon is lightly wounded.
You block the steam dragon's attack. x2
You hit the steam dragon but do no damage.
The steam dragon is lightly wounded.
You are engulfed in a cloud of scalding steam.
* * * LOW HITPOINT WARNING * * *
You block the steam dragon's attack. The steam dragon claws you.
* * * LOW HITPOINT WARNING * * *
You barely miss the steam dragon.
The steam dragon is lightly wounded.
You block the steam dragon's attack. The steam dragon claws you.
* * * LOW HITPOINT WARNING * * *
You hit the steam dragon but do no damage.
The steam dragon is lightly wounded.
The steam dragon breathes steam at you. The ball of steam hits you!
The steam scalds you terribly!
You die...

.######## #.#
........########
#.##
#........@DY.....
!..
#....###.########
#.. #.#.# #.#
#.######.#.# #.#
.......#.#.# #.#
#.####.....####.#
...รท....#.......#
#.####.....######
..#........#


You could see a steam dragon and an ice beast.

Vanquished Creatures
  Sigmund (D:6)
  A steam dragon (D:6)
  The ghost of Andry07 the Skirmisher, an amateur GrFi (D:3)
  A phantom (D:5)
  A sky beast (D:4)
  3 ogres
  A centaur (D:3)
  A crocodile (D:8)
  3 bullfrogs
  A water moccasin skeleton (D:8)
  5 scorpions
  4 howler monkeys
  2 crimson imps
  2 jellies
  2 hounds
  A centaur skeleton (D:7)
  2 iguanas (D:5)
  3 orc wizards
  Natasha (D:3)
  4 worker ants
  7 gnolls (D:5)
  9 adders
  3 shadow imps
  An ooze (D:5)
  2 adder zombies (D:5)
  5 worms
  A dart slug (D:1)
  5 leopard geckos
  16 orcs
  A ball python (D:5)
  12 giant cockroaches
  2 goblins
  3 hobgoblins
  9 jackals (D:1)
  3 quokkas
  14 bats
  6 frilled lizards
  2 giant cockroach zombies (D:5)
  7 kobolds
  2 quokka skeletons
  6 rats
156 creatures vanquished.

Notes
Turn   | Place    | Note
-------+----------+-------------------------------------------
     0 | D:1      | Rozenbaumfricks the Demonspawn Fighter began the quest for the Orb.
     0 | D:1      | Reached XP level 1. HP: 18/18 MP: 1/1
    79 | D:1      | Gained mutation: When hurt, damage is shared between your health and your magic reserves. [demonic ancestry]
    79 | D:1      | Reached XP level 2. HP: 9/24 MP: 2/2
   511 | D:1      | Reached skill level 2 in Long Blades
   774 | D:1      | Gained mutation: You have sharp fingernails. [demonic ancestry]
   774 | D:1      | Reached XP level 3. HP: 29/29 MP: 3/3
  1089 | D:2      | Found a hide-covered altar of Uskayaw.
  1105 | D:2      | Gained mutation: You have very sharp fingernails. [demonic ancestry]
  1105 | D:2      | Reached XP level 4. HP: 26/35 MP: 4/4
  1285 | D:2      | Found a glowing golden altar of the Shining One.
  1718 | D:3      | Reached skill level 3 in Long Blades
  1768 | D:3      | Noticed Andry07's ghost (amateur GrFi)
  1775 | D:3      | Killed Andry07's ghost
  1775 | D:3      | Reached skill level 1 in Dodging
  1775 | D:3      | Reached XP level 5. HP: 42/42 MP: 5/5
  1946 | D:3      | Noticed a centaur
  1951 | D:3      | Killed a centaur
  1951 | D:3      | Reached skill level 4 in Long Blades
  1951 | D:3      | Gained mutation: You regenerate magic rapidly. [demonic ancestry]
  1951 | D:3      | Reached XP level 6. HP: 48/48 MP: 6/6
  2327 | D:3      | Noticed Natasha
  2333 | D:3      | Killed Natasha
  2713 | D:4      | Gained mutation: You have claws for hands. [demonic ancestry]
  2713 | D:4      | Reached XP level 7. HP: 47/54 MP: 7/7
  2769 | D:4      | Reached skill level 5 in Long Blades
  2865 | D:5      | Entered Level 5 of the Dungeon
  3037 | D:5      | Found an opulent altar of Gozag.
  3289 | D:5      | Reached XP level 8. HP: 58/61 MP: 8/8
  3395 | D:5      | Reached skill level 5 in Shields
  3753 | D:5      | Reached skill level 6 in Long Blades
  3762 | D:5      | Found a shadowy altar of Dithmenos.
  4060 | D:6      | Noticed Edmund
  4061 | D:6      | Noticed Edmund
  4061 | D:6      | Edmund changed into Edmund the steam dragon
  4076 | D:6      | Killed Edmund the steam dragon
  4076 | D:6      | Reached skill level 5 in Fighting
  4204 | D:6      | Noticed Sigmund
  4214 | D:6      | Killed Sigmund
  4326 | D:6      | Noticed Phantomfrettchen's ghost (novice TrTm)
  4338 | D:6      | Found a staircase to the Ecumenical Temple.
  4628 | Temple   | Entered the Ecumenical Temple
  5019 | D:7      | Found a glowing silver altar of Zin.
  5190 | D:7      | Reached skill level 7 in Long Blades
  5190 | D:7      | Reached XP level 9. HP: 59/68 MP: 9/9
  5201 | D:7      | Found an iron altar of Okawaru.
  5419 | D:7      | Found Ogyd's Weapon Shoppe.
  5571 | D:8      | Reached skill level 5 in Armour
  5743 | D:8      | HP: 3/68 [steam dragon (2)]
  5744 | D:8      | HP: 1/68 [steam dragon (3)]
  5745 | D:8      | Killed from afar by a steam dragon

Skill      XL: |  1  2  3  4  5  6  7  8  9 |
---------------+----------------------------+-----
Armour         | 3 4 5 |  5.3
Long Blades    | 2 3 4 5 7 |  7.2
Shields        | 3 4 5 6 |  6.0
Dodging        | 1 2 3 |  3.1
Fighting       | 4 5 |  5.6

Action                   |  1- 3 |  4- 6 |  7- 9 || total
-------------------------+-------+-------+-------++-------
Melee: Long sword        |   112 |   183 |   383 ||   678
Evoke: Wand              |       |       |     1 ||     1
  Use: Scroll            |     3 |     4 |     5 ||    12
       Potion            |       |     3 |     1 ||     4
  Eat: Chunk             |       |     6 |    10 ||    16
       Fruit             |       |       |     1 ||     1
Armor: Scale mail        |    99 |    69 |   122 ||   290
Dodge: Dodged            |    69 |    77 |   129 ||   275
Block: Shield            |    91 |   112 |   211 ||   414
       Rpst.: Long sword |    25 |    23 |    40 ||    88
